SAA
WESTWOOD SIXSHOOTERS @ LITTLE CAESARS HOT N READYS
08/03/2029
 
TOP OF THE 1ST
Westwood Sixshooters batting - Pitching for Little Caesars Hot N Readys : RHP Kyuichi Hori
Pitching: RHP Kyuichi Hori
Batting: LHB Mitchell Cusimano 0-0: Foul Ball, location: 2F
0-1: Called Strike
0-2: Ball
1-2: Strikes out swinging
Batting: RHB Jesús Ruano 0-0: Ball
1-0: Called Strike
1-1: SINGLE (Line Drive, 89S)
Batting: LHB Bob Daugherty 0-0: Ball
1-0: Called Strike
1-1: Ball
2-1: Foul Ball, location: 2F
2-2: Fielders Choice at 2nd, 6-4 (Groundball, 6)
Batting: RHB Richard Cutshall 0-0: Ball
1-0: Ball
2-0: Foul Ball, location: 2F
2-1: Ground out 4-3 (Groundball, 4)
Top of the 1st over - 0 runs, 1 hit, 0 errors, 1 left on base; Westwood 0 - Little Caesars 0
BOTTOM OF THE 1ST
Little Caesars Hot N Readys batting - Pitching for Westwood Sixshooters : LHP Chet Saks
Pitching: LHP Chet Saks
Batting: RHB George St. Clair 0-0: Foul Ball, location: 2F
0-1: Ball
1-1: Called Strike
1-2: Foul Ball, location: 2F
1-2: Ball
2-2: Ball
3-2: Base on Balls
Batting: RHB Amos Bies 0-0: Ball
1-0: Ball
2-0: Ball
3-0: Base on Balls
George St. Clair to second
Batting: SHB Shiki Sanu 0-0: Called Strike
0-1: Swinging Strike
0-2: Ball
1-2: Fly out, F6 (Line Drive, 6)
Batting: LHB Josh Platt 0-0: Called Strike
0-1: Ball
1-1: Ball
2-1: SINGLE (Line Drive, 8LS)
George St. Clair to third
Amos Bies to second
Batting: LHB Gilberto Moreno 0-0: Ball
1-0: Swinging Strike
1-1: Called Strike
1-2: Ball
2-2: Strikes out swinging
Batting: LHB Michael Cochran 0-0: Ball
1-0: Ball
2-0: Ground out 1-3 (Groundball, 15S)
Bottom of the 1st over - 0 runs, 1 hit, 0 errors, 3 left on base; Westwood 0 - Little Caesars 0
TOP OF THE 2ND
Westwood Sixshooters batting - Pitching for Little Caesars Hot N Readys : RHP Kyuichi Hori
Batting: LHB Phil Minor 0-0: Ball
1-0: Called Strike
1-1: Fly out, F8 (Flyball, 89D)
Batting: LHB José Vázquez 0-0: Ball
1-0: Foul Ball, location: 2F
1-1: Swinging Strike
1-2: Ball
2-2: Foul Ball, location: 2F
2-2: SINGLE (Groundball, 6MD)
Batting: SHB Arsenio Sameiro 0-0: Called Strike
José Vázquez steals 2nd base
0-1: Ball
1-1: Called Strike
1-2: Ball
2-2: Ball
3-2: Foul Ball, location: 2F
3-2: Foul Ball, location: 2F
3-2: Foul Ball, location: 2F
3-2: Base on Balls
Batting: RHB Nick Hoskins 0-0: Called Strike
0-1: Fielders Choice at 2nd, 1-6 (Groundball, 13)
José Vázquez to third
Batting: LHB José Martínez 0-0: Ball
1-0: Called Strike
1-1: Ball
2-1: Fly out, F1 (Line Drive, 13S)
Top of the 2nd over - 0 runs, 1 hit, 0 errors, 2 left on base; Westwood 0 - Little Caesars 0
BOTTOM OF THE 2ND
Little Caesars Hot N Readys batting - Pitching for Westwood Sixshooters : LHP Chet Saks
Batting: SHB Tony Gutiérrez 0-0: Bunt missed!
0-1: Ball
1-1: Ball
2-1: Foul Ball, location: 2F
2-2: Ball
3-2: Foul Ball, location: 2F
3-2: Foul Ball, location: 2F
3-2: Fly out, F4 (Line Drive, 4M)
Batting: RHB Harith Karim 0-0: Foul Ball, location: 2F
0-1: Ground out 1-3 (Groundball, 13)
Batting: LHB Elian Gonzalez 0-0: Ground out 5-3 (Groundball, 5)
Bottom of the 2nd over - 0 runs, 0 hits, 0 errors, 0 left on base; Westwood 0 - Little Caesars 0
TOP OF THE 3RD
Westwood Sixshooters batting - Pitching for Little Caesars Hot N Readys : RHP Kyuichi Hori
Batting: LHB Mitchell Cusimano 0-0: Ball
1-0: Ball
2-0: SINGLE (Flyball, 9S)
Batting: RHB Jesús Ruano 0-0: Ball
1-0: Called Strike
1-1: Foul Ball, location: 2F
1-2: Foul Ball, location: 2F
1-2: Strikes out swinging
Batting: LHB Bob Daugherty 0-0: Foul Ball, location: 2F
0-1: Ball
1-1: Foul Ball, location: 2F
1-2: Foul Ball, location: 2F
1-2: Strikes out swinging
Batting: RHB Richard Cutshall 0-0: Ball
Mitchell Cusimano is caught stealing 2nd base
Top of the 3rd over - 0 runs, 1 hit, 0 errors, 0 left on base; Westwood 0 - Little Caesars 0
BOTTOM OF THE 3RD
Little Caesars Hot N Readys batting - Pitching for Westwood Sixshooters : LHP Chet Saks
Batting: RHB George St. Clair 0-0: Foul Ball, location: 2F
0-1: Foul Ball, location: 2F
0-2: Strikes out swinging
Batting: RHB Amos Bies 0-0: Called Strike
0-1: Foul Ball, location: 2F
0-2: Strikes out swinging
Batting: SHB Shiki Sanu 0-0: Ball
1-0: Foul Ball, location: 2F
1-1: Swinging Strike
1-2: Foul Ball, location: 2F
1-2: Strikes out swinging
Bottom of the 3rd over - 0 runs, 0 hits, 0 errors, 0 left on base; Westwood 0 - Little Caesars 0
TOP OF THE 4TH
Westwood Sixshooters batting - Pitching for Little Caesars Hot N Readys : RHP Kyuichi Hori
Batting: RHB Richard Cutshall 0-0: Called Strike
0-1: Ball
1-1: Swinging Strike
1-2: Fly out, F7 (Flyball, 7S)
Batting: LHB Phil Minor 0-0: Ball
1-0: Ball
2-0: Called Strike
2-1: Foul Ball, location: 2F
2-2: Ball
3-2: Foul Ball, location: 2F
3-2: Base on Balls
Batting: LHB José Vázquez 0-0: Ball
1-0: Ball
2-0: Ball
3-0: Base on Balls
Phil Minor to second
Batting: SHB Arsenio Sameiro 0-0: Fielders Choice at 2nd, 3-6 (Groundball, 34)
Phil Minor to third
Batting: RHB Nick Hoskins 0-0: Fielders Choice at 2nd, U6 (Groundball, 6M)
Top of the 4th over - 0 runs, 0 hits, 0 errors, 2 left on base; Westwood 0 - Little Caesars 0
BOTTOM OF THE 4TH
Little Caesars Hot N Readys batting - Pitching for Westwood Sixshooters : LHP Chet Saks
Batting: LHB Josh Platt 0-0: SINGLE (Groundball, 4MD)
Batting: LHB Gilberto Moreno 0-0: Called Strike
0-1: Fly out, F9 (Flyball, 89S)
Batting: LHB Michael Cochran 0-0: Fly out, F9 (Flyball, 9S)
Batting: SHB Tony Gutiérrez 0-0: Ball
1-0: Called Strike
1-1: Ball
2-1: Ball
3-1: SINGLE (Line Drive, 8RS)
Josh Platt to second
Batting: RHB Harith Karim 0-0: Ball
1-0: Ground out 3-1 (Groundball, 34)
Bottom of the 4th over - 0 runs, 2 hits, 0 errors, 2 left on base; Westwood 0 - Little Caesars 0
TOP OF THE 5TH
Westwood Sixshooters batting - Pitching for Little Caesars Hot N Readys : RHP Kyuichi Hori
Batting: LHB José Martínez 0-0: Called Strike
0-1: Ball
1-1: Called Strike
1-2: Foul Ball, location: 2F
1-2: Ball
2-2: Foul Ball, location: 2F
2-2: SINGLE (Groundball, 3D)
Batting: LHB Mitchell Cusimano 0-0: Sac Bunt - play at first, batter OUT! 1-3
José Martínez to second
Batting: RHB Jesús Ruano 0-0: Called Strike
0-1: Called Strike
0-2: Ball
1-2: Ball
2-2: Foul Ball, location: 2F
2-2: Foul Ball, location: 2F
2-2: Ball
3-2: Strikes out swinging
Batting: LHB Bob Daugherty 0-0: Ball
1-0: Foul Ball, location: 2F
1-1: Foul Ball, location: 2F
1-2: Foul Ball, location: 2F
1-2: Fly out, F6 (Popup, 6)
Top of the 5th over - 0 runs, 1 hit, 0 errors, 1 left on base; Westwood 0 - Little Caesars 0
BOTTOM OF THE 5TH
Little Caesars Hot N Readys batting - Pitching for Westwood Sixshooters : LHP Chet Saks
Batting: LHB Elian Gonzalez 0-0: Swinging Strike
0-1: Foul Ball, location: 2F
0-2: Foul Ball, location: 2F
0-2: Foul Ball, location: 2F
0-2: Ground out 6-3 (Groundball, 56)
Batting: RHB George St. Clair 0-0: Ball
1-0: Called Strike
1-1: Foul Ball, location: 2F
1-2: SINGLE (Groundball, 6MD)
Batting: RHB Amos Bies 0-0: Swinging Strike
0-1: Ball
1-1: Foul Ball, location: 2F
1-2: Foul Ball, location: 2F
1-2: SINGLE (Groundball, 6D)
George St. Clair to second
Runner from 2nd tries for 3rd, SAFE, no throw
Batting: SHB Shiki Sanu 0-0: Swinging Strike
0-1: Ball
Pickoff Throw to First - Error! E1
George St. Clair scores
Amos Bies to second
1-1: Foul Ball, location: 2F
1-2: Ball
2-2: Foul Ball, location: 2F
2-2: Foul Ball, location: 2F
2-2: SINGLE (Flyball, 78M)
Amos Bies to third
Batting: LHB Josh Platt 0-0: Called Strike
0-1: Foul Ball, location: 2F
0-2: Ball
1-2: Foul Ball, location: 2F
1-2: Ball
2-2: Foul Ball, location: 2F
2-2: Foul Ball, location: 2F
2-2: Fly out, F5 (Flyball, 5D)
Batting: LHB Gilberto Moreno 0-0: Called Strike
0-1: Swinging Strike
0-2: Fly out, F6 (Line Drive, 6M)
Bottom of the 5th over - 1 run, 3 hits, 1 error, 2 left on base; Westwood 0 - Little Caesars 1
TOP OF THE 6TH
Westwood Sixshooters batting - Pitching for Little Caesars Hot N Readys : RHP Kyuichi Hori
Batting: RHB Richard Cutshall 0-0: Ball
1-0: Foul Ball, location: 2F
1-1: Ball
2-1: Foul Ball, location: 2F
2-2: Ball
3-2: Base on Balls
Batting: LHB Phil Minor 0-0: Ball
1-0: Foul Ball, location: 2F
1-1: Ground out 4-3 (Groundball, 4S)
Richard Cutshall to second
Batting: LHB José Vázquez 0-0: Foul Ball, location: 2F
0-1: Swinging Strike
0-2: Ball
1-2: Ball
2-2: Ball
3-2: Base on Balls
Batting: SHB Arsenio Sameiro 0-0: Ball
1-0: Ball
2-0: Fly out, F9 (Flyball, 9S)
Batting: RHB Nick Hoskins 0-0: Called Strike
0-1: Ball
1-1: Swinging Strike
1-2: Foul Ball, location: 2F
1-2: Foul Ball, location: 2F
1-2: Strikes out swinging
Top of the 6th over - 0 runs, 0 hits, 0 errors, 2 left on base; Westwood 0 - Little Caesars 1
BOTTOM OF THE 6TH
Little Caesars Hot N Readys batting - Pitching for Westwood Sixshooters : LHP Chet Saks
Batting: LHB Michael Cochran 0-0: Called Strike
0-1: Ground out 4-3 (Groundball, 4D)
Batting: SHB Tony Gutiérrez 0-0: Ball
1-0: SINGLE (Line Drive, 8LS)
Batting: RHB Harith Karim 0-0: Ball
1-0: Ball
2-0: Called Strike
2-1: Ball
3-1: SINGLE (Line Drive, 34)
Tony Gutiérrez to second
Batting: LHB Elian Gonzalez 0-0: Ball
1-0: Swinging Strike
1-1: Swinging Strike
1-2: Foul Ball, location: 2F
1-2: Foul Ball, location: 2F
1-2: Fly out, F6 (Popup, 6MD)
Batting: RHB George St. Clair 0-0: Ball
1-0: Fly out, F5 (Line Drive, 5)
Bottom of the 6th over - 0 runs, 2 hits, 0 errors, 2 left on base; Westwood 0 - Little Caesars 1
TOP OF THE 7TH
Westwood Sixshooters batting - Pitching for Little Caesars Hot N Readys : RHP Kyuichi Hori
Batting: LHB José Martínez 0-0: Ball
1-0: Called Strike
1-1: Fly out, F8 (Flyball, 8RM)
Batting: LHB Mitchell Cusimano 0-0: Called Strike
0-1: SINGLE (Line Drive, 6D)
Pitching: LHP Iván Gonzáles
Batting: RHB Jesús Ruano 0-0: Called Strike
0-1: Ball
1-1: Ball
2-1: Called Strike
2-2: Strikes out swinging
Batting: LHB Bob Daugherty 0-0: Foul Ball, location: 2F
0-1: Fly out, F6 (Popup, 56)
Top of the 7th over - 0 runs, 1 hit, 0 errors, 1 left on base; Westwood 0 - Little Caesars 1
BOTTOM OF THE 7TH
Little Caesars Hot N Readys batting - Pitching for Westwood Sixshooters : LHP Chet Saks
Batting: RHB Amos Bies 0-0: Called Strike
0-1: Ball
1-1: Ball
2-1: Foul Ball, location: 2F
2-2: Ground out 6-3 (Groundball, 6)
Batting: SHB Shiki Sanu 0-0: Ball
1-0: Swinging Strike
1-1: Ball
2-1: Swinging Strike
2-2: Strikes out swinging
Batting: LHB Josh Platt 0-0: Swinging Strike
0-1: SINGLE (Flyball, 9S)
Pitching: RHP Roosevelt Guimond
Batting: LHB Gilberto Moreno 0-0: Ball
1-0: Foul Ball, location: 2F
1-1: Called Strike
1-2: Ball
2-2: Strikes out swinging
Bottom of the 7th over - 0 runs, 1 hit, 0 errors, 1 left on base; Westwood 0 - Little Caesars 1
TOP OF THE 8TH
Westwood Sixshooters batting - Pitching for Little Caesars Hot N Readys : LHP Iván Gonzáles
Now in RF: Pedro García
Batting: RHB Richard Cutshall 0-0: SINGLE (Line Drive, 78M)
Pitching: LHP I-tsing Ts'ong
Pinch Hitting: RHB Steve Bock 0-0: Ball
1-0: Ball
2-0: Ball
3-0: Base on Balls
Richard Cutshall to second
Pinch Hitting: SHB Ramón García 0-0: Sac Bunt - play at first, batter OUT! 1-4
Richard Cutshall to third
Steve Bock to second
Batting: SHB Arsenio Sameiro 0-0: Called Strike
0-1: Ball
1-1: Fly out, F9 (Line Drive, 9)
Batting: RHB Nick Hoskins 0-0: Ball
1-0: Ball
2-0: Ball
3-0: Called Strike
3-1: Base on Balls
Batting: LHB José Martínez 0-0: Fly out, F7 (Flyball, 7LS)
Top of the 8th over - 0 runs, 1 hit, 0 errors, 3 left on base; Westwood 0 - Little Caesars 1
BOTTOM OF THE 8TH
Little Caesars Hot N Readys batting - Pitching for Westwood Sixshooters : RHP Roosevelt Guimond
Now at 3B: Steve Bock
Now in LF: Sisto Pagnamenta
Batting: LHB Michael Cochran 0-0: Ball
1-0: Ball
2-0: Ball
3-0: Called Strike
3-1: Base on Balls
Batting: SHB Tony Gutiérrez 0-0: Called Strike
Michael Cochran is caught stealing 2nd base
0-1: Ground out 4-3 (Groundball, 4)
Batting: RHB Harith Karim 0-0: Called Strike
0-1: Swinging Strike
0-2: Ground out 4-3 (Groundball, 4M)
Bottom of the 8th over - 0 runs, 0 hits, 0 errors, 0 left on base; Westwood 0 - Little Caesars 1
TOP OF THE 9TH
Westwood Sixshooters batting - Pitching for Little Caesars Hot N Readys : LHP I-tsing Ts'ong
Batting: LHB Mitchell Cusimano 0-0: Foul Ball, location: 2F
0-1: Swinging Strike
0-2: Hit by Pitch
Batting: RHB Jesús Ruano 0-0: Sac Bunt - play at first, batter safe!
Mitchell Cusimano to second
Batting: LHB Bob Daugherty 0-0: Swinging Strike
Passed Ball!
Mitchell Cusimano to third
Jesús Ruano to second
0-1: Ground out 5-3 (Groundball, 56)
Batting: RHB Richard Cutshall 0-0: DOUBLE (Flyball, 8RXD)
Mitchell Cusimano scores
Jesús Ruano scores
Batting: RHB Steve Bock 0-0: Ball
1-0: Swinging Strike
1-1: Called Strike
1-2: Ball
2-2: Ball
3-2: Base on Balls
Batting: LHB Sisto Pagnamenta 0-0: Swinging Strike
0-1: Called Strike
0-2: Ball
1-2: Ball
2-2: Ball
3-2: Grounds into double play, 4-6-3 (Groundball, 4M)
Top of the 9th over - 2 runs, 2 hits, 0 errors, 1 left on base; Westwood 2 - Little Caesars 1
BOTTOM OF THE 9TH
Little Caesars Hot N Readys batting - Pitching for Westwood Sixshooters : RHP Roosevelt Guimond
Pitching: RHP Alfonso Santa Maria
Batting: LHB Elian Gonzalez 0-0: Ball
1-0: Swinging Strike
1-1: Ball
2-1: Called Strike
2-2: Ball
3-2: Strikes out swinging
Pinch Hitting: SHB Ryan Forrest 0-0: Called Strike
0-1: Fly out, F1 (Line Drive, 13)
Batting: RHB Amos Bies 0-0: Foul Ball, location: 2F
0-1: Foul Ball, location: 2F
0-2: Ball
1-2: Ball
2-2: Ball
3-2: Base on Balls
Batting: SHB Shiki Sanu 0-0: Ball
1-0: Ball
2-0: Called Strike
2-1: Foul Ball, location: 2F
2-2: Strikes out swinging
Bottom of the 9th over - 0 runs, 0 hits, 0 errors, 1 left on base; Westwood 2 - Little Caesars 1
Tuesday, December 19th, 2017 - OOTP Baseball 18.8 Build 76